 Dungeon Crawl Stone Soup version 0.20-a0-277-g7db01f4 (webtiles) character file.

240 FitzyFitz the Vexing (level 6, 0/28 HPs)
             Began as a Vine Stalker Enchanter on Dec 12, 2016.
             Was an Initiate of Gozag.
             Slain by a gnoll
             ... wielding a +0 halberd
              (6 damage)
             ... on level 4 of the Dungeon.
             The game lasted 00:07:36 (3185 turns).

FitzyFitz the Vexing (Vine Stalker Enchanter)       Turns: 3185, Time: 00:07:36

Health: 0/28       AC:  4    Str: 11    XL:     6   Next: 8%
Magic:  0/11       EV: 12    Int: 17    God:    Gozag
Gold:   338        SH:  0    Dex: 18    Spells: 2/11 levels left

rFire  . . .     SeeInvis .     a - +2 dagger (venom)
rCold  . . .     Gourm    .     b - +1 robe
rNeg   . . .     Faith    .     (no shield)
rPois  .         Spirit   +     (no helmet)
rElec  .         Reflect  .     p - +0 cloak
rCorr  .         Harm     .     (no gloves)
MR     .....                    (no boots)
Stlth  +++.......               (no amulet)
                                q - ring of flight
                                f - +4 ring of dexterity

@: gold aura, very slightly contaminated
A: fangs 2, regeneration 1, magic shield, antimagic bite, no device heal 3, rot
immunity
a: Potion Petition, Call Merchant, Bribe Branch, Renounce Religion, Evoke Flight


You were on level 4 of the Dungeon.
You worshipped Gozag.
Gozag was aware of your devotion.
You were not hungry.

You visited 1 branch of the dungeon, and saw 4 of its levels.

You collected 338 gold pieces.

Inventory:

Hand Weapons
 a - a +2 dagger of venom (weapon)
 e - a +0 hand axe
 r - a +0 war axe
 u - a +0 quarterstaff
Missiles
 h - 51 stones (quivered)
Armour
 b - a +1 robe (worn)
 p - a +0 cloak (worn)
Jewellery
 f - a +4 ring of dexterity (left hand)
 q - a ring of flight (right hand)
Scrolls
 g - 2 scrolls of amnesia {unknown}
 k - a scroll of enchant armour {unknown}
 l - 4 scrolls of remove curse
 t - a scroll of magic mapping {unknown}
Potions
 j - 2 potions of brilliance
 m - 2 potions of cancellation
 n - a potion of agility
 o - a potion of might
 s - 2 potions of mutation
Books
 c - a book of Maledictions

   Spells                             Type                      Level
   a - Corona                         Hexes                        1
   b - Ensorcelled Hibernation        Hexes/Ice                    2
   c - Confuse                        Hexes                        3
   d - Tukima's Dance                 Hexes                        3
   e - Dazzling Spray                 Conjuration/Hexes            3
Comestibles
 d - 4 bread rations
 i - 3 meat rations
 v - 2 beef jerkies


   Skills:
 - Level 0.8 Short Blades
 - Level 1.5 Dodging
 - Level 3.6 Stealth
 + Level 3.2 Spellcasting
 + Level 5.2 Hexes
 - Level 2.8 Ice Magic


You had 2 spell levels left.
You knew the following spells:

 Your Spells              Type           Power        Failure   Level  Hunger
a - Corona                Hex            ###....      1%          1    None
b - Ensorcelled Hibernat  Hex/Ice        ###...       6%          2    ##.....
c - Confuse               Hex            ###.....     8%          3    ###....
d - Tukima's Dance        Hex            ###.....     8%          3    ###....


Dungeon Overview and Level Annotations

Branches:
Dungeon (4/15)
 Temple: D:4-7

Altars:
Gozag
Ru


Innate Abilities, Weirdness & Mutations

You have extremely sharp teeth.
Your natural rate of healing is unusually fast.
When hurt, damage is shared between your health and your magic reserves.
Your bite disrupts and absorbs the magic of your enemies.
Potions and wands cannot restore your health.
You are immune to rotting.


Message History

The gnoll shouts! x2
You hit the gnoll.
The gnoll looks as sick as possible!
The gnoll is no longer distracted by gold.
The gnoll is heavily wounded.
You hit the gnoll.
You kill the gnoll!
The gnoll is no longer distracted by gold.
The gnoll barely misses you. The gnoll barely misses you.
Things that are here:
8 gold pieces; a club You completely miss the gnoll.
Your bite misses the gnoll. The gnoll hits you with a halberd!
* * * LOW HITPOINT WARNING * * *
You barely miss the gnoll. You bite the gnoll. You drain its power.
You feel invigorated.
The gnoll is lightly wounded.
The gnoll hits you with a halberd!
You die...
Your body crumbles into a pile of gold.

##### ##...# ...$# ...
#$# #g# $ #g# #. #.#
#@# #. #.# #.# #. #.#
#.# # ##.## #.# ##.##.#
....# #.####...#.# #..#
#.#........#
#..######........###
#......"...#.....######
##.######.............#


You could see 2 gnolls.

Vanquished Creatures
  An ogre (D:3)
  A worker ant (D:4)
  6 gnolls
  An adder (D:2)
  An ooze (D:2)
  A worm (D:3)
  2 dart slugs
  2 leopard geckos
  An orc (D:4)
  6 giant cockroaches
  8 goblins
  3 hobgoblins
  8 kobolds
  A quokka (D:4)
  7 bats
  3 frilled lizards
  7 rats
59 creatures vanquished.

Notes
Turn   | Place    | Note
-------+----------+-------------------------------------------
     0 | D:1      | FitzyFitz the Vine Stalker Enchanter began the quest for the Orb.
     0 | D:1      | Reached XP level 1. HP: 9/9 MP: 4/4
   190 | D:1      | Reached XP level 2. HP: 12/13 MP: 4/6
   669 | D:1      | Learned a level 2 spell: Ensorcelled Hibernation
  1140 | D:2      | Reached XP level 3. HP: 16/16 MP: 7/7
  1143 | D:2      | Reached skill level 4 in Hexes
  1154 | D:2      | Found a sacrificial altar of Ru.
  1169 | D:2      | Reached skill level 1 in Ice Magic
  1302 | D:2      | Gained mutation: Your natural rate of healing is unusually fast. [Vine Stalker growth]
  1302 | D:2      | Reached XP level 4. HP: 8/21 MP: 0/8
  1754 | D:2      | Found a faded altar of an unknown god.
  1762 | D:2      | Became a worshipper of Gozag Ym Sagoz the Greedy
  2252 | D:3      | Noticed an ogre
  2260 | D:3      | Killed an ogre
  2260 | D:3      | Reached XP level 5. HP: 18/24 MP: 6/10
  2486 | D:3      | Reached skill level 5 in Hexes
  2783 | D:3      | Learned a level 3 spell: Confuse
  2787 | D:3      | Learned a level 3 spell: Tukima's Dance
  3173 | D:4      | Reached XP level 6. HP: 22/28 MP: 5/11
  3185 | D:4      | Slain by a gnoll

Vault maps used:
D:1:      lightli_molten_gateway
D:2:      chequers_ecumenical_altar_simple, nicolae_ru_awakened_eye
D:4:      lemuel_zombie_altar_kikubaaqudgha, minivault_5

Skill      XL: |  1  2  3  4  5 |
---------------+----------------+-----
Hexes          | 4 5 |  5.2
Ice Magic      | 1 2 |  2.8
Spellcasting   | 3 |  3.2
Short Blades   | |  0.8
Dodging        | |  1.5
Stealth        | |  3.6

Action                   |  1- 3 |  4- 6 || total
-------------------------+-------+-------++-------
Melee: Dagger            |    73 |    73 ||   146
       Bite              |    13 |    16 ||    29
 Cast: Corona            |     2 |       ||     2
       Ensorcelled Hiber |     5 |     6 ||    11
  Use: Scroll            |       |     7 ||     7
 Stab: Sleeping          |    10 |     9 ||    19
  Eat: Chunk             |     2 |     1 ||     3
       Meat ration       |       |     1 ||     1
Armor: Robe              |    25 |    16 ||    41
Dodge: Dodged            |    36 |    43 ||    79
